Map: Romanticide LE

Players

LiquidClem (Clem)

  • Race: Terran Terran
  • League: Grandmaster

GunGFuBanDa - Winner!

  • Race: Protoss Protoss
  • League: Grandmaster

Event: DreamHack SC2 Masters 2021 Summer

VOD

Have the link to the VOD?

Description

Time

  • Played on: May 28, 2021, 12:50 p.m.
  • Length: 24:53

All games in this series

Show
View Real Time Build Order
Export as new Build Order

LiquidClem Terran 

Build Orders: Reaper Expand 

Get SALT Encoding   

  12  0:00  SCV  
  13  0:12  SCV  
  14  0:16  Supply Depot  
  14  0:24  SCV  
  15  0:38  SCV  
  15  0:40  Barracks  
  15  0:42  Refinery  
  16  0:50  SCV  
  17  1:02  SCV  
  18  1:14  SCV  
  19  1:26  Orbital Command  
  19  1:27  Reaper  
  20  1:43  Command Center  
  20  1:52  SCV  
  21  1:54  Supply Depot  
  21  1:59  Barracks Reactor  
  21  2:04  SCV  
  22  2:16  SCV  
  23  2:23  Bunker  
  23  2:28  SCV  
  24  2:35  Marine x2  
  26  2:39  Command Center  
  26  2:42  SCV  
  27  2:53  Marine x2  
  27  2:55  Orbital Command  
  27  2:58  SCV  
  30  3:05  Barracks  
  30  3:11  Marine x2  
  33  3:12  SCV  
  33  3:21  SCV, Barracks  
  33  3:24  SCV  
  35  3:28  Marine  
  35  3:29  Marine  
  36  3:34  SCV  
  36  3:39  SCV  
  38  3:42  Engineering Bay  
  38  3:46  SCV, Marine x2  
  41  3:51  Orbital Command, Barracks Tech Lab  
  41  3:53  SCV  
  42  3:58  SCV  
  43  4:05  Marine x2  
  43  4:06  SCV  
  43  4:09  Barracks Tech Lab  
  46  4:10  Marauder, Terran Infantry Weapons Level 1, Stimpack  
  46  4:11  SCV  
  46  4:14  Supply Depot  
  46  4:16  Refinery  
  49  4:18  SCV  
  49  4:21  SCV  
  49  4:22  Missile Turret  
  49  4:23  SCV  
  52  4:24  Marine  
  52  4:25  Marine  
  52  4:28  Marauder  
  56  4:31  Marauder  
  56  4:33  SCV  
  56  4:36  SCV  
  56  4:37  Combat Shield  
  60  4:43  Refinery, Supply Depot  
  60  4:45  Marine  
  61  4:46  Marine  
  61  4:49  SCV  
  61  4:50  SCV  
  61  4:52  Marauder  
  66  4:55  Marauder  
  66  4:58  Refinery, SCV  
  69  5:03  Supply Depot  
  69  5:05  Orbital Command, Marine x2, SCV  
  72  5:11  Factory  
  72  5:14  SCV  
  73  5:16  Supply Depot  
  73  5:17  SCV  
  73  5:20  Marauder  
  76  5:25  Marauder  
  76  5:26  Supply Depot  
  76  5:28  SCV  
  79  5:29  SCV  
  79  5:32  Marine x2  
  80  5:40  Supply Depot  
  80  5:41  SCV  
  79  5:43  SCV  
  79  5:44  SCV  
  79  5:48  Marauder x2  
  79  5:49  Marine  
  85  5:50  Marine  
  85  5:53  SCV, Supply Depot  
  85  5:56  Starport  
  88  5:57  Factory Reactor  
  88  5:58  SCV  
  86  6:04  SCV  
  86  6:07  SCV  
  86  6:08  Marine x2  
  86  6:09  Marauder  
  84  6:11  Marauder  
  84  6:14  Terran Infantry Armor Level 1, SCV, Supply Depot  
  87  6:18  SCV  
  87  6:21  Concussive Shells  
  87  6:22  SCV  
  89  6:26  SCV, Barracks  
  89  6:27  Barracks  
  89  6:29  Marine  
  89  6:30  Marine  
  89  6:31  SCV  
  93  6:33  Supply Depot  
  93  6:36  Marauder x2  
  93  6:38  SCV  
  93  6:39  Supply Depot  
  98  6:40  SCV, Factory Reactor  
  98  6:42  Medivac  
  98  6:43  SCV  
  98  6:44  Medivac  
  104  6:47  Refinery  
  104  6:50  Marine  
  104  6:51  SCV, Marine  
  104  6:52  SCV, Supply Depot  
  108  6:55  SCV  
  108  6:57  Refinery  
  108  6:59  Marauder  
  108  7:01  Marauder  
  113  7:04  SCV  
  113  7:07  Supply Depot  
  113  7:09  SCV  
  113  7:11  Marine x2  
  113  7:15  SCV  
  117  7:16  Medivac x2  
  117  7:17  Barracks Reactor, Barracks Tech Lab  
  117  7:20  Widow Mine x2  
  117  7:21  Marauder  
  117  7:22  Marauder  
  128  7:23  Supply Depot  
  128  7:27  Command Center  
  128  7:29  Marine  
  128  7:30  Marine  
  131  7:37  Marauder, Supply Depot  
  131  7:42  Marauder  
  131  7:43  Armory, Engineering Bay  
  133  7:48  Missile Turret  
  133  7:49  Marauder  
  133  7:50  Widow Mine  
  137  7:52  Medivac  
  137  7:54  Medivac  
  137  7:55  Widow Mine  
  137  7:57  Marine x2  
  144  7:58  Marauder  
  144  8:00  Marine  
  144  8:02  Marine  
  144  8:05  Supply Depot  
  144  8:10  Marine  
  144  8:11  Starport, Marauder  
  143  8:18  Widow Mine x2  
  143  8:19  Ghost Academy  
  142  8:20  Marauder, Marine x3  
  142  8:24  SCV  
  142  8:25  Viking  
  148  8:27  Viking  
  148  8:28  Marauder  
  148  8:30  Marine  
  148  8:32  Marine  
  147  8:41  Marauder  
  147  8:47  Widow Mine x2  
  147  8:48  Marine  
  138  8:50  Marauder x2  
  138  8:52  Marine  
  138  8:54  Marine  
  114  9:11  Marauder x2  
  114  9:14  Marine x3  
  114  9:15  Marauder  
  119  9:19  Marine  
  118  9:27  Terran Infantry Weapons Level 2  
  117  9:32  Viking x2  
  117  9:33  Marauder  
  117  9:35  SCV x3  
  117  9:36  SCV  
  123  9:41  Ghost x2  
  123  9:44  Marine  
  128  9:45  Marine x2  
  128  9:46  Marine  
  128  9:48  SCV  
  128  9:49  SCV  
  128  9:50  SCV  
  134  9:53  Terran Infantry Armor Level 2  
  134  9:57  Viking  
  136  10:00  Viking  
  136  10:02  Ghost  
  136  10:06  Marine x4  
  144  10:10  SCV x3  
  144  10:12  Ghost  
  149  10:14  Viking  
  149  10:15  Marine  
  149  10:18  Viking  
  154  10:22  SCV x2  
  154  10:23  SCV  
  154  10:26  Marine x3  
  154  10:27  Marine  
  161  10:32  Marauder  
  161  10:34  SCV, Marauder  
  161  10:35  SCV  
  167  10:37  Viking  
  167  10:40  SCV  
  167  10:41  Marauder, Viking  
  174  10:46  Planetary Fortress  
  174  10:49  SCV  
  175  10:52  Viking  
  175  10:55  Viking  
  179  11:00  Terran Ship Weapons Level 1  
  179  11:01  SCV, Ghost  
  182  11:06  SCV  
  182  11:07  Viking  
  185  11:12  Ghost  
  185  11:17  Marine x2  
  185  11:18  Marauder  
  188  11:19  SCV  
  188  11:20  SCV  
  188  11:22  Marine  
  188  11:23  SCV  
  188  11:24  Viking  
  193  11:30  Viking  
  193  11:35  Marauder  
  192  11:43  Marauder  
  192  11:45  Missile Turret  
  193  11:50  SCV  
  190  11:55  Marauder  
  190  11:56  SCV  
  190  11:58  SCV  
  188  12:05  SCV  
  188  12:06  Marine x2  
  188  12:07  Marauder  
  193  12:10  Medivac  
  193  12:11  Supply Depot  
  193  12:13  Marine  
  196  12:19  Command Center  
  196  12:21  SCV  
  196  12:22  Marauder, Viking, Medivac  
  195  12:24  Marauder  
  195  12:25  Medivac  
  195  12:28  Marauder  
  195  12:29  Marine x2  
  192  12:31  SCV  
  192  12:32  SCV  
  192  12:33  SCV  
  188  12:38  Marine  
  188  12:42  Marine  
  188  12:43  SCV, Marauder  
  189  12:46  Marauder  
  189  12:50  Marauder, Marine  
  189  12:51  SCV, Marine  
  195  12:56  Marine  
  195  12:57  SCV  
  197  13:04  SCV x2, Missile Turret  
  199  13:06  Refinery, Marine  
  199  13:08  Terran Infantry Weapons Level 3  
  200  13:26  Terran Infantry Armor Level 3  
  196  13:28  SCV, Marauder  
  196  13:30  Marine x2  
  196  13:33  SCV  
  200  13:37  Marauder  
  200  13:38  Marauder  
  199  13:42  SCV  
  199  13:45  Marine, Medivac  
  186  13:49  Marine x2  
  186  13:50  Marauder  
  186  13:52  Marine  
  181  13:57  Refinery x2, SCV x2  
  181  13:59  SCV, Marauder  
  181  14:00  Marauder, Missile Turret  
  186  14:03  SCV  
  186  14:07  Marine  
  186  14:08  Marine  
  153  14:10  Marine, Ghost, Medivac  
  153  14:11  Marine  
  153  14:15  Liberator  
  160  14:17  SCV, Barracks  
  160  14:18  Barracks x2  
  160  14:20  Marauder  
  160  14:21  Marauder  
  160  14:25  Marine  
  160  14:26  Marine  
  160  14:28  Marine  
  160  14:31  Planetary Fortress  
  163  14:35  Marine  
  164  14:39  Ghost  
  164  14:42  Marauder  
  164  14:43  Marauder  
  153  14:52  Marine  
  153  14:54  SCV  
  153  14:56  Marine  
  153  14:59  SCV  
  133  15:01  Medivac  
  133  15:02  Marine  
  133  15:03  SCV, Marauder  
  133  15:04  Marauder  
  126  15:07  Ghost  
  126  15:10  SCV  
  127  15:17  Marine x2  
  111  15:21  Marine  
  111  15:22  SCV  
  111  15:24  Marauder  
  111  15:25  Marauder  
  111  15:28  Marine x2  
  119  15:35  Marine  
  120  15:36  Marine, Ghost  
  123  15:47  Marine x2  
  123  15:48  Marauder x2  
  129  15:52  Marine x2  
  129  15:56  Liberator  
  134  16:00  Orbital Command, Marine x2  
  134  16:02  Liberator  
  139  16:05  Liberator  
  139  16:08  Marine x2  
  139  16:10  Marauder  
  146  16:13  Marauder  
  146  16:17  Marauder  
  147  16:19  Marine  
  147  16:20  Marine  
  147  16:24  Liberator  
  152  16:31  Marine  
  152  16:32  Marauder  
  153  16:33  Marine x2  
  153  16:34  Marauder  
  153  16:39  Marauder  
  157  16:41  Medivac  
  156  16:53  Marauder  
  158  16:55  Liberator  
  158  16:56  Marauder  
  158  16:58  Marine  
  158  17:00  Marauder  
  166  17:03  Barracks Tech Lab x2  
  166  17:04  Marine x2  
  166  17:08  Marine  
  166  17:14  SCV, Marauder, Command Center  
  169  17:16  Ghost  
  169  17:17  Marine  
  169  17:18  SCV  
  169  17:22  Marine  
  164  17:24  Marauder  
  164  17:26  Viking  
  159  17:31  Marine  
  159  17:32  Marauder, Marine  
  159  17:36  Viking  
  158  17:45  Viking  
  158  17:50  Ghost  
  162  17:54  Refinery  
  162  17:55  Marine x3  
  165  18:03  Viking x2  
  165  18:09  Marine  
  165  18:11  Marauder  
  165  18:12  Viking  
  128  18:13  Marauder  
  128  18:18  Marauder, Marine  
  117  18:22  Viking  
  117  18:25  Marine x2  
  111  18:35  SCV x2  
  111  18:37  Orbital Command, Marine  
  111  18:38  Marine  
  111  18:39  SCV  
  116  18:41  Marine  
  116  18:44  Marine x2  
  116  18:45  Marauder  
  116  18:47  Missile Turret  
  121  18:52  Ghost  
  121  18:54  SCV  
  124  18:57  Missile Turret  
  124  19:00  SCV x2  
  126  19:04  Marine x4  
  126  19:09  Marauder  
  132  19:10  Marauder  
  132  19:12  Ghost  
  136  19:17  Liberator  
  136  19:20  Marauder  
  141  19:25  Orbital Command, Liberator  
  141  19:26  Marine  
  141  19:28  Orbital Command  
  135  19:33  Marauder  
  135  19:34  Marauder  
  135  19:38  Marauder  
  122  19:39  SCV  
  122  19:42  Marine  
  122  19:43  Marauder  
  122  19:44  Marauder  
  110  19:49  Marine  
  107  19:53  Marine  
  107  19:54  Marauder  
  107  19:55  SCV  
  109  20:01  Marauder  
  111  20:09  Orbital Command, SCV  
  111  20:10  Missile Turret  
  111  20:11  SCV  
  113  20:16  Marauder  
  108  20:22  SCV, Marauder  
  108  20:27  SCV  
  111  20:31  SCV  
  111  20:33  SCV  
  113  20:39  SCV  
  113  20:40  SCV  
  115  20:46  Liberator  
  115  20:49  SCV  
  119  20:50  SCV  
  119  20:54  SCV  
  119  20:55  SCV  
  122  21:01  SCV  
  120  21:08  Marauder x2  
  120  21:09  SCV, Marauder  
  120  21:10  Marine  
  122  21:11  Marine  
  122  21:16  Marine  
  122  21:17  SCV, Marauder  
  122  21:19  Marine  
  122  21:23  SCV  
  122  21:24  SCV  
  125  21:26  SCV  
  125  21:29  SCV  
  125  21:30  Marauder  
  126  21:35  SCV  
  126  21:38  Marine  
  126  21:39  Marine x3  
  131  21:40  Marauder x2  
  131  21:43  Marauder  
  131  21:46  SCV  
  138  21:47  SCV  
  138  21:48  SCV  
  138  21:52  Marauder  
  138  21:53  Marine  
  135  21:58  Marine x2  
  135  21:59  Marine  
  135  22:01  Marine x2  
  139  22:04  Refinery, Marauder  
  139  22:05  SCV  
  140  22:08  Orbital Command  
  140  22:09  Marine  
  140  22:11  SCV  
  140  22:14  Marauder x2  
  142  22:16  Marine  
  142  22:17  Marine x2  
  142  22:19  Marine  
  142  22:20  SCV, Marauder  
  142  22:22  Refinery  
  139  22:25  Marauder  
  139  22:29  Command Center  
  141  22:30  Marauder  
  141  22:35  Marauder  
  141  22:36  Marine x2  
  147  22:38  Marauder  
  147  22:40  Marine x2  
  147  22:41  Marauder  
  153  22:45  Refinery  
  153  22:46  Refinery  
  153  22:49  Unknown  
  153  22:50  Marine  
  154  22:53  Marauder  
  154  22:56  Marauder  
  154  22:58  Viking  
  155  23:01  Viking  
  151  23:05  Viking  
  151  23:11  Medivac  
  147  23:15  Marine x2  
  147  23:16  Marauder  
  147  23:17  Marauder  
  150  23:21  SCV x2  
  150  23:24  Missile Turret  
  150  23:25  Marine x2  
  150  23:26  Marauder  
  156  23:28  Marauder  
  156  23:29  Marine  
  160  23:34  SCV  
  160  23:38  Marauder  
  160  23:40  Marine  
  160  23:41  Marine  
  161  23:47  Marine  
  162  23:52  Marine  
  159  23:55  Marine  
  159  23:59  Marine  
  159  24:00  Medivac  
  159  24:04  Marine  
  159  24:07  Medivac  
  147  24:16  Ghost  
  134  24:18  Marauder  
  134  24:22  Marine  
  133  24:29  Marine  
  133  24:30  Marine x2  
Show
View Real Time Build Order
Export as new Build Order

GunGFuBanDa Protoss - Winner!

Build Orders: 1 Gate Expand, Blink Stalkers 

Get SALT Encoding   

  12  0:00  Probe  
  13  0:12  Probe  
  14  0:17  Pylon  
  14  0:24  Probe (Chrono Boost)  
  15  0:36  Probe (Chrono Boost)  
  15  0:39  Gateway  
  16  0:43  Probe (Chrono Boost)  
  16  0:49  Assimilator  
  17  0:51  Probe  
  18  1:03  Probe  
  19  1:15  Probe  
  20  1:26  Cybernetics Core  
  20  1:34  Nexus  
  20  1:37  Probe  
  21  1:45  Pylon  
  21  1:49  Probe  
  21  1:53  Assimilator  
  22  2:01  Probe (Chrono Boost)  
  23  2:03  Adept (Chrono Boost)  
  23  2:06  Warp Gate  
  25  2:12  Probe (Chrono Boost)  
  26  2:17  Probe (Chrono Boost)  
  27  2:27  Probe  
  27  2:29  Stalker (Chrono Boost)  
  29  2:41  Probe (Chrono Boost)  
  30  2:47  Twilight Council  
  30  2:48  Probe (Chrono Boost)  
  31  2:56  Stalker  
  31  2:57  Probe x2 (Chrono Boost)  
  35  3:02  Probe (Chrono Boost)  
  37  3:05  Probe (Chrono Boost)  
  37  3:14  Probe (Chrono Boost)  
  37  3:17  Blink (Chrono Boost)  
  39  3:21  Probe (Chrono Boost)  
  39  3:22  Probe (Chrono Boost)  
  40  3:28  Probe x2  
  42  3:35  Robotics Facility  
  42  3:40  Probe x2  
  42  3:41  Gateway  
  44  3:45  Pylon  
  44  3:47  Assimilator  
  44  3:52  Probe x2  
  46  3:56  Pylon  
  46  4:04  Probe, Sentry  
  46  4:05  Probe  
  50  4:10  Nexus  
  50  4:16  Probe  
  50  4:17  Probe  
  52  4:20  Pylon  
  52  4:23  Observer  
  53  4:26  Gateway x2  
  53  4:32  Stalker  
  53  4:36  Probe x2  
  57  4:44  Stalker  
  60  4:45  Observer  
  60  4:48  Probe  
  60  4:49  Probe  
  62  4:56  Pylon  
  62  4:58  Stalker  
  64  5:01  Probe (Chrono Boost)  
  64  5:03  Shield Battery  
  64  5:05  Probe (Chrono Boost)  
  66  5:12  Probe (Chrono Boost)  
  68  5:15  Probe (Chrono Boost)  
  68  5:17  Probe (Chrono Boost), Robotics Bay  
  69  5:21  Charge  
  69  5:22  Forge  
  69  5:23  Probe (Chrono Boost)  
  72  5:29  Immortal (Chrono Boost)  
  72  5:30  Probe (Chrono Boost)  
  72  5:32  Probe x2 (Chrono Boost)  
  77  5:37  Probe (Chrono Boost)  
  77  5:38  Probe, Stalker x2  
  77  5:39  Probe  
  84  5:49  Probe  
  85  5:51  Stalker x2  
  89  5:58  Probe  
  89  6:00  Pylon  
  86  6:04  Zealot x2  
  86  6:05  Observer  
  86  6:09  Probe  
  88  6:14  Colossus (Chrono Boost)  
  88  6:15  Probe x2  
  88  6:17  Assimilator  
  88  6:18  Pylon, Assimilator  
  96  6:19  Pylon  
  96  6:21  Probe  
  96  6:24  Shield Battery  
  97  6:28  Zealot x2  
  97  6:30  Protoss Ground Weapons Level 1 (Chrono Boost)  
  101  6:36  Probe x2, Gateway  
  101  6:39  Gateway  
  103  6:41  Gateway  
  103  6:43  Gateway  
  103  6:47  Photon Cannon  
  103  6:49  Zealot x2  
  107  6:55  Colossus (Chrono Boost)  
  107  6:59  Pylon x2  
  113  7:01  Extended Thermal Lance  
  113  7:02  Observer  
  113  7:03  Observer  
  113  7:13  Zealot, Sentry  
  117  7:21  Nexus  
  117  7:22  Pylon  
  117  7:32  Warp Prism (Chrono Boost)  
  118  7:37  Stalker x6  
  118  7:38  Stalker  
  118  7:41  Zealot  
  134  7:48  Probe x2  
  134  7:49  Probe, Photon Cannon  
  137  7:55  Forge  
  137  7:57  Pylon  
  133  8:00  Probe, Colossus (Chrono Boost)  
  136  8:15  Zealot x3  
  136  8:18  Zealot x4  
  136  8:19  Zealot  
  142  8:35  Zealot x2  
  142  8:36  Zealot  
  139  8:44  Zealot x4  
  127  8:56  Stalker x2  
  127  8:57  Stalker  
  117  9:13  Observer (Chrono Boost)  
  118  9:20  Zealot x5  
  128  9:26  Probe x2 (Chrono Boost), Colossus (Chrono Boost)  
  128  9:27  Probe (Chrono Boost)  
  128  9:29  Probe (Chrono Boost), Protoss Ground Weapons Level 2 (Chrono Boost)  
  128  9:31  Pylon x2  
  138  9:34  Dark Shrine  
  138  9:38  Probe (Chrono Boost)  
  141  9:41  Shield Battery  
  141  9:44  Probe x2 (Chrono Boost)  
  141  9:45  Probe (Chrono Boost)  
  142  9:46  Templar Archives  
  142  10:07  Stalker x4  
  142  10:08  Zealot x4, Protoss Ground Armor Level 1 (Chrono Boost)  
  158  10:15  Probe x2, Immortal (Chrono Boost)  
  164  10:24  Pylon  
  163  10:30  Photon Cannon  
  163  10:34  Pylon, Shield Battery  
  163  10:36  Robotics Facility  
  163  10:38  Pylon  
  163  10:39  Zealot x4  
  171  10:43  Pylon  
  171  10:44  High Templar, Pylon  
  171  10:45  High Templar, Zealot x2  
  171  10:49  Pylon  
  177  10:51  Archon  
  177  10:56  Immortal  
  181  11:01  Zealot  
  181  11:02  Zealot x3  
  187  11:09  Dark Templar  
  187  11:11  Dark Templar  
  191  11:28  Dark Templar  
  191  11:31  Observer  
  185  11:36  Immortal x2 (Chrono Boost)  
  189  11:40  Gateway  
  189  11:44  Gateway x2  
  189  11:45  Zealot x5  
  189  11:46  Zealot  
  195  11:54  Gateway  
  187  12:01  Dark Templar  
  187  12:06  Disruptor (Chrono Boost)  
  188  12:10  Zealot x7  
  190  12:23  Immortal (Chrono Boost)  
  168  12:35  Sentry x2  
  168  12:36  Zealot x7  
  168  12:37  Disruptor (Chrono Boost)  
  163  12:55  Nexus  
  163  12:56  Disruptor (Chrono Boost)  
  163  12:57  Probe x2  
  162  13:00  Assimilator  
  162  13:02  Dark Templar  
  164  13:07  Zealot x11  
  183  13:20  Disruptor  
  179  13:29  Zealot x4  
  179  13:30  Zealot x5  
  196  13:38  Disruptor  
  183  13:48  Zealot x3  
  171  13:54  Zealot x5  
  171  13:55  Probe x2, Observer  
  165  14:01  Dark Templar  
  167  14:09  Disruptor (Chrono Boost)  
  168  14:14  Disruptor (Chrono Boost)  
  163  14:23  Protoss Ground Weapons Level 3 (Chrono Boost)  
  150  14:35  Nexus  
  150  14:38  Zealot x4  
  150  14:39  Zealot x2  
  150  14:41  Disruptor (Chrono Boost)  
  153  14:59  Disruptor  
  137  15:04  Observer  
  111  15:10  Disruptor  
  101  15:19  Stalker x6  
  101  15:20  Zealot x5  
  118  15:31  Probe x2  
  118  15:32  Observer, Pylon  
  118  15:33  Sentry  
  122  15:43  Stalker  
  122  15:44  Stalker x3  
  130  15:50  High Templar  
  130  15:51  High Templar x3  
  130  15:56  Archon x2  
  138  15:58  Observer  
  138  16:12  Dark Templar  
  140  16:20  Colossus x2 (Chrono Boost)  
  140  16:22  Zealot x7  
  154  16:42  Dark Templar  
  154  16:43  Zealot x7  
  154  16:44  Zealot  
  170  17:00  Warp Prism (Chrono Boost)  
  168  17:11  Zealot x9  
  168  17:14  Disruptor  
  155  17:38  Protoss Ground Armor Level 2 (Chrono Boost)  
  155  17:41  Zealot x12  
  179  17:57  Assimilator  
  179  18:02  Nexus  
  137  18:12  Zealot  
  137  18:13  Zealot x8  
  135  18:26  Observer  
  97  18:35  Stalker x9  
  97  18:36  Sentry  
  117  18:43  Pylon  
  115  18:51  Probe  
  115  18:53  Disruptor x2 (Chrono Boost)  
  115  18:55  Observer, Dark Templar  
  118  19:01  Stalker x4  
  132  19:03  Dark Templar  
  132  19:07  High Templar  
  132  19:08  High Templar, Zealot  
  140  19:11  Archon  
  140  19:18  Zealot x2, Dark Templar  
  138  19:44  Disruptor x2 (Chrono Boost)  
  112  19:52  Zealot x10  
  119  19:53  Zealot x2  
  135  20:03  Shadow Stride (Chrono Boost)  
  135  20:06  Probe  
  136  20:08  Assimilator  
  136  20:11  Disruptor x2 (Chrono Boost)  
  140  20:27  Zealot x9  
  140  20:28  Zealot x3  
  154  20:29  Assimilator  
  150  20:40  Assimilator  
  150  20:44  Colossus (Chrono Boost)  
  154  20:54  Sentry  
  154  20:56  Assimilator  
  154  21:00  Assimilator  
  154  21:06  Nexus  
  154  21:09  Pylon  
  154  21:15  Colossus (Chrono Boost)  
  157  21:23  Stalker x4  
  157  21:24  Zealot x5  
  174  21:41  Warp Prism (Chrono Boost)  
  161  21:57  Stalker x3  
  161  21:58  Stalker x3  
  151  22:18  Zealot x6  
  163  22:25  Colossus (Chrono Boost)  
  169  22:31  Colossus (Chrono Boost)  
  175  22:42  Dark Templar  
  175  22:43  Zealot x10  
  176  23:13  Colossus  
  178  23:35  Nexus  
  178  23:36  Pylon, Zealot x5, Dark Templar  
  182  23:55  Disruptor  
  131  24:18  Zealot x12  
  153  24:27  Nexus  
  156  24:40  High Templar x5  
  156  24:41  High Templar x3, Zealot x2, Sentry  
  170  24:45  Archon x2  
  170  24:46  Archon x2  
Tags
 
Add a new tag
Caveats
  • Supply blocks, unpowered buildings, or Contaminate may cause inaccurate times.
  • Supply counts are checked every 10 seconds.